Map: Temple of the Past

Players

Roy

  • Race: Protoss Protoss
  • Spawn Location: 0:00

Slamus

  • Race: Protoss Protoss
  • Spawn Location: 0:00

VOD

Have the link to the VOD?

Description

Time

  • Played on: Oct. 23, 2019, 10:06 p.m.
  • Length: 26:29
Show
View Real Time Build Order
Export as new Build Order

Roy Protoss 

Build Orders:  

Get SALT Encoding   

  12  0:02  Probe (Chrono Boost)  
  13  0:18  Pylon  
  13  0:24  Probe (Chrono Boost)  
  14  0:38  Probe (Chrono Boost)  
  15  0:47  Pylon  
  15  0:52  Probe (Chrono Boost)  
  16  1:06  Probe (Chrono Boost)  
  17  1:16  Gateway  
  17  1:19  Probe (Chrono Boost)  
  17  1:23  Assimilator  
  18  1:33  Probe (Chrono Boost)  
  18  1:35  Assimilator  
  19  1:47  Probe (Chrono Boost)  
  20  1:56  Cybernetics Core  
  20  2:00  Cybernetics Core  
  20  2:03  Forge  
  20  2:04  Probe (Chrono Boost)  
  21  2:18  Probe (Chrono Boost)  
  22  2:20  Forge  
  22  2:31  Probe (Chrono Boost)  
  23  2:40  Legionnaire  
  23  2:45  Probe (Chrono Boost)  
  27  2:50  Kaldalis' A.I. Personality  
  27  2:59  Probe (Chrono Boost)  
  28  3:13  Probe (Chrono Boost)  
  29  3:23  Warp Gate  
  29  3:25  Protoss Air Weapons Level 1  
  29  3:34  Observation Protocol  
  29  3:45  Purifier Armaments  
  29  3:55  Probe (Chrono Boost)  
  30  4:09  Probe (Chrono Boost)  
  31  4:30  Nexus  
  31  4:36  Pylon  
  31  4:39  Pylon  
  31  4:42  Pylon  
  31  4:55  Protoss Ground Weapons Level 1  
  31  4:58  Protoss Air Armor Level 1  
  31  5:00  Probe (Chrono Boost)  
  32  5:14  Twilight Council  
  32  5:20  Stargate  
  32  5:22  Stargate  
  32  5:25  Stargate  
  32  5:58  Robotics Facility  
  32  6:01  Robotics Facility  
  32  6:02  Robotics Facility  
  32  6:05  Fleet Beacon  
  32  6:09  Robotics Bay  
  32  6:16  Probe (Chrono Boost)  
  33  6:20  Probe (Chrono Boost)  
  34  6:30  Probe (Chrono Boost)  
  35  6:47  Talis' A.I. Personality  
  35  6:54  Adept  
  37  7:18  Probe (Chrono Boost)  
  38  7:21  Probe (Chrono Boost)  
  38  7:25  Scout  
  38  7:26  Scout  
  45  7:32  Probe (Chrono Boost)  
  45  7:35  Probe (Chrono Boost)  
  45  7:38  Scout  
  50  7:47  Mojo's A.I. Personality  
  50  8:03  Assimilator  
  50  8:09  Assimilator  
  50  8:12  Probe (Chrono Boost)  
  50  8:15  Probe (Chrono Boost)  
  52  8:26  Probe (Chrono Boost)  
  52  8:29  Probe (Chrono Boost), Legionnaire  
  54  8:47  Clolarion's A.I. Personality  
  54  9:14  Protoss Ground Armor Level 1  
  54  9:16  Protoss Ground Weapons Level 2  
  54  9:17  Protoss Air Weapons Level 2  
  54  9:19  Protoss Air Armor Level 2  
  54  9:46  Gateway x2  
  54  9:47  Taldarin's A.I. Personality  
  54  9:49  Gateway  
  54  9:53  Gateway  
  54  9:56  Gateway  
  54  10:03  Gateway  
  54  10:08  Gateway  
  54  10:11  Pylon  
  54  10:14  Pylon  
  54  10:17  Pylon  
  54  10:19  Pylon  
  54  10:30  Carrier  
  60  10:48  Carrier  
  60  10:49  Probe (Chrono Boost)  
  66  10:53  Probe (Chrono Boost)  
  68  11:03  Probe (Chrono Boost)  
  68  11:07  Probe (Chrono Boost)  
  70  11:17  Probe (Chrono Boost)  
  71  11:21  Probe (Chrono Boost)  
  72  11:31  Probe (Chrono Boost)  
  72  11:32  Pylon  
  72  11:35  Probe (Chrono Boost), Pylon  
  72  11:38  Pylon  
  74  11:41  Immortal, Pylon  
  74  11:45  Probe (Chrono Boost), Pylon  
  74  11:49  Probe (Chrono Boost), Pylon  
  80  11:53  Pylon  
  80  11:55  Pylon  
  80  12:13  Charge  
  80  12:19  Gravitic Boosters  
  80  12:23  Combat Sensor Array  
  80  12:28  Observer x2  
  82  12:45  Legionnaire  
  85  12:52  Legionnaire x4  
  94  13:13  Psionic Projection  
  94  13:17  Conservator x2  
  94  13:18  Conservator x2  
  102  13:21  Legionnaire x2  
  102  13:22  Legionnaire  
  102  13:23  Graviton Catapult  
  108  13:55  Protoss Ground Weapons Level 3  
  108  13:57  Protoss Ground Armor Level 2  
  99  14:13  Empowered Blades  
  93  14:41  Adept x4  
  93  14:42  Adept x2  
  93  14:43  Adept x2  
  109  15:13  Debilitation System  
  106  16:23  Immortal x2  
  106  16:24  Immortal  
  106  16:27  Carrier x3  
  136  16:34  Legionnaire x4  
  136  16:35  Legionnaire x4  
  160  16:53  Pylon  
  160  16:56  Pylon  
  160  16:58  Pylon  
  160  17:13  Adept x2  
  160  17:14  Adept  
  166  17:23  Protoss Ground Armor Level 3  
  166  18:05  Conservator x2  
  166  18:08  Conservator x5  
  176  18:12  Legionnaire x3  
  185  18:26  Pylon  
  185  18:28  Pylon  
  185  18:30  Pylon x2  
  178  19:00  Protoss Air Armor Level 3  
  178  19:03  Legionnaire  
  178  19:04  Legionnaire x5  
  178  19:05  Legionnaire  
  193  19:17  Protoss Air Weapons Level 3  
  178  19:39  Conservator  
  171  19:40  Conservator x2  
  175  20:06  Protoss Shields Level 1  
  175  20:51  Scout  
  175  20:52  Scout x2  
  175  20:55  Immortal  
  175  20:56  Immortal x2  
  187  21:55  Carrier x2  
  180  24:14  Legionnaire  
  180  24:15  Legionnaire x4  
  180  24:16  Legionnaire  
  196  25:04  Optimized Emitters  
Show
View Real Time Build Order
Export as new Build Order

Slamus Protoss 

Build Orders:  

Get SALT Encoding   

  12  0:11  Probe (Chrono Boost)  
  13  0:25  Probe (Chrono Boost)  
  13  0:28  Pylon  
  14  0:39  Probe (Chrono Boost)  
  15  0:45  Pylon  
  15  1:07  Gateway  
  15  1:16  Assimilator  
  15  1:25  Assimilator  
  15  1:31  Probe (Chrono Boost)  
  16  1:45  Probe (Chrono Boost)  
  16  1:48  Gateway  
  17  1:59  Probe (Chrono Boost)  
  18  2:08  Pylon  
  18  2:13  Probe (Chrono Boost)  
  19  2:27  Probe (Chrono Boost)  
  20  2:40  Probe (Chrono Boost)  
  20  2:44  Cybernetics Core  
  21  2:52  Pylon  
  21  3:15  Forge  
  21  3:33  Protoss Shields Level 1  
  21  4:01  Robotics Facility  
  21  4:16  Robotics Facility  
  22  4:32  Probe (Chrono Boost)  
  22  4:42  Dragoon  
  22  4:48  Probe (Chrono Boost)  
  25  4:50  Dragoon  
  27  5:05  Probe (Chrono Boost)  
  28  5:22  Probe (Chrono Boost)  
  29  5:49  Protoss Ground Armor Level 1  
  29  5:59  Dragoon  
  31  6:01  Dragoon  
  31  6:05  Immortal  
  31  6:07  Immortal  
  41  6:24  Probe (Chrono Boost)  
  43  6:41  Probe (Chrono Boost)  
  43  7:27  Nexus  
  43  7:33  Assimilator  
  43  7:36  Assimilator  
  43  7:43  Pylon  
  43  7:45  Pylon  
  43  7:47  Pylon  
  43  7:50  Pylon  
  43  8:05  Probe (Chrono Boost)  
  44  8:22  Probe (Chrono Boost)  
  45  8:39  Probe (Chrono Boost)  
  46  9:09  Dragoon  
  48  9:10  Dragoon  
  48  9:11  Dragoon  
  48  9:13  Dragoon  
  48  9:14  Dragoon  
  48  9:15  Dragoon  
  52  10:41  Immortal  
  52  10:42  Immortal  
  52  10:43  Immortal  
  52  10:46  Dragoon  
  52  10:47  Dragoon  
  68  10:53  Observer  
  65  11:38  Dragoon  
  65  11:39  Dragoon  
  69  11:42  Dragoon  
  69  11:43  Dragoon  
  73  11:51  Immortal  
  73  12:15  Immortal  
  77  12:36  Pylon  
  77  12:45  Probe (Chrono Boost)  
  78  12:59  Probe (Chrono Boost)  
  78  13:05  Robotics Bay  
  79  13:13  Probe (Chrono Boost)  
  80  13:27  Probe x2 (Chrono Boost)  
  82  13:41  Probe (Chrono Boost)  
  82  13:44  Probe (Chrono Boost)  
  84  13:50  Observer  
  84  13:54  Probe (Chrono Boost)  
  86  14:01  Probe (Chrono Boost)  
  86  14:08  Probe (Chrono Boost)  
  87  14:18  Probe (Chrono Boost)  
  88  14:34  Observer  
  88  14:35  Probe (Chrono Boost)  
  90  18:08  Dragoon x2  
  90  18:09  Dragoon  
  96  18:10  Dragoon  
  96  18:11  Dragoon  
  96  18:12  Dragoon  
  102  18:24  Pylon  
  102  18:30  Pylon  
  102  18:31  Pylon  
  102  18:35  Pylon  
  102  18:37  Pylon  
  102  18:41  Pylon  
  102  18:44  Pylon  
  102  18:45  Pylon  
  102  18:47  Pylon  
  102  18:50  Pylon  
  102  18:53  Pylon  
  102  18:55  Pylon  
  102  18:57  Pylon  
  101  19:00  Pylon  
  99  19:16  Dragoon  
  99  19:17  Dragoon  
  99  19:19  Dragoon  
  105  19:20  Dragoon  
  105  19:25  Immortal  
  105  19:26  Immortal x2  
  105  19:29  Immortal x2  
  123  19:30  Immortal  
  127  20:29  Dragoon  
  129  20:30  Dragoon  
  129  20:31  Dragoon  
  129  20:32  Dragoon  
  129  20:36  Immortal  
  139  20:40  Immortal  
  133  23:04  Dragoon x2  
  133  23:05  Dragoon  
  133  23:06  Dragoon  
  133  23:07  Dragoon  
  133  23:08  Dragoon  
  117  23:12  Immortal  
  117  23:13  Immortal  
  117  23:14  Immortal  
  117  23:18  Immortal x2  
  117  23:19  Immortal  
  139  23:54  Dragoon  
  139  23:59  Dragoon  
  143  24:02  Immortal  
  143  24:07  Observer  
  148  25:02  Observer  
  135  26:01  Dragoon  
  135  26:02  Dragoon  
  135  26:03  Dragoon  
  135  26:04  Dragoon x2  
  135  26:05  Dragoon  
  135  26:08  Immortal x2  
  135  26:09  Immortal  
  159  26:12  Immortal  
  159  26:14  Immortal  
Tags
 
Add a new tag
Caveats
  • Supply blocks, unpowered buildings, or Contaminate may cause inaccurate times.
  • Supply counts are checked every 10 seconds.